 Dungeon Crawl Stone Soup version 0.23-b1-3-gdda8187c6f (webtiles) character file.

Game seed: 2796726406379171183

9684 Kisielow the Carver (level 11, -5/97 HPs)
             Began as a Minotaur Fighter on Jan 31, 2019.
             Was a High Priest of Okawaru.
             Slain by an ettin (18 damage)
             ... on level 1 of the Lair of Beasts.
             The game lasted 00:26:01 (11133 turns).

Kisielow the Carver (Minotaur Fighter)             Turns: 11133, Time: 00:26:01

Health: -5/97      AC: 17    Str: 23    XL:     11   Next: 26%
Magic:  14/14      EV:  5    Int:  5    God:    Okawaru [*****.]
Gold:   679        SH: 19    Dex: 11    Spells: 10/10 levels left

rFire    . . .     SeeInvis .   a - +0 long sword
rCold    + + .     Gourm    .   F - +0 large shield
rNeg     . . .     Faith    .   s - +0 chain mail
rPois    +         Spirit   .   (helmet restricted)
rElec    .         Reflect  +   (no cloak)
rCorr    .         Harm     .   y - +0 pair of gloves
MR       .....                  A - +3 pair of boots of the Guilds {rC++}
Stlth    ..........             g - +2 amulet of reflection
HPRegen  0.26/turn              q - ring of wizardry
MPRegen  0.14/turn              x - ring of poison resistance

@: no status effects
A: retaliatory headbutt, horns 2
a: Heroism, Finesse, Renounce Religion


You were on level 1 of the Lair of Beasts.
You worshipped Okawaru.
Okawaru was extremely pleased with you.
You were not hungry.

You visited 3 branches of the dungeon, and saw 11 of its levels.
You also visited: Sewer.

You collected 679 gold pieces.

Inventory:

Hand Weapons
 a - a +0 long sword (weapon)
Armour
 s - a +0 chain mail (worn)
 y - a +0 pair of gloves (worn)
 A - the +3 pair of boots of the Guilds (worn) {rC++}
   (You found it on level 7 of the Dungeon)

   It greatly protects you from cold.
 F - a +0 large shield (worn)
Jewellery
 g - a +2 amulet of reflection (around neck)
 k - an uncursed ring of magical power
 q - a ring of wizardry (left hand)
 x - a ring of poison resistance (right hand)
 C - an uncursed amulet of the gourmand {unknown}
Wands
 e - a wand of polymorph (7)
 l - a wand of flame (9)
 u - a wand of disintegration (3)
 B - a wand of random effects (10)
Scrolls
 i - 6 scrolls of remove curse
 j - 5 scrolls of teleportation
 o - 2 scrolls of enchant armour
 t - 3 scrolls of magic mapping
 w - a scroll of torment
Potions
 b - a potion of haste {unknown}
 m - 7 potions of curing
 n - 5 potions of brilliance
 p - 4 potions of flight
 r - 4 potions of heal wounds
 v - 2 potions of lignification
Comestibles
 c - 5 chunks of flesh
 f - 17 rations


   Skills:
 + Level 9.0 Fighting
 + Level 11.4 Long Blades
 + Level 9.0 Armour
 + Level 9.1 Shields
 * Level 6.4 Invocations
 * Level 5.7 Evocations


You had 10 spell levels left.
You didn't know any spells.
Your spell library was empty.

Dungeon Overview and Level Annotations

Branches:
Dungeon (9/15)             Temple (1/1) D:4            Lair (1/6) D:9
    Orc: D:9-12

Altars:
Ashenzari
Cheibriados
Dithmenos
Elyvilon
Fedhas
Gozag
Hepliaklqana
Kikubaaqudgha
Makhleb
Nemelex Xobeh
Okawaru
Qazlal
Ru
Sif Muna
Trog
Uskayaw
Vehumet
Wu Jian
Xom
Yredelemnul
Zin
The Shining One

Shops:
D:6 %*   D:7 =


Innate Abilities, Weirdness & Mutations

You reflexively headbutt those who attack you in melee.
You have a pair of horns on your head.


Message History

Your headbutt misses the wolf.
The wolf is severely wounded.
You block the ettin's attack. The ettin hits you!!
You hit the ettin but do no damage.
The ettin is heavily wounded.
You block the wolf's attack. The wolf bites you but does no damage.
You block the wolf's attack. The wolf bites you but does no damage.
The ettin hits you!! You block the ettin's attack.
The wolf bites you but does no damage. x2
Unknown command.
You hit the ettin but do no damage.
The ettin is heavily wounded.
The wolf bites you but does no damage. x2; You block the wolf's attack.
You block the ettin's attack. The ettin hits you!!
* * * LOW HITPOINT WARNING * * *
The wolf bites you but does no damage. x2; The wolf barely misses you.
It was a potion of cancellation.
You feel magically purged. You block the wolf's attack.
The wolf bites you but does no damage. You block the wolf's attack.
The ettin barely misses you. The ettin hits you!!
You die...

..... ####..... ......
........ ...... ......
.... ##..[# #.}# #...#
##..# ##h.### #...#
.######@Ch#.#######..###
.......hh...............
..........?......>......
#.######.##.######.###P#
###### ### ###


You could see an ettin and 4 wolves.

Vanquished Creatures
  Erolcha (D:9)
  A two-headed ogre (D:8)
  A komodo dragon (D:9)
  A troll (D:7)
  2 hippogriffs (D:7)
  A wyvern (D:9)
  The ghost of FinalFate the Destroyer, an amateur DECj of Sif Muna (D:5)
  10 yaks
  Eustachio (D:5)
  2 hungry ghosts
  Menkaure (D:5)
  Edmund (D:5)
  An acid dragon (D:9)
  A water moccasin (Lair:1)
  2 orc warriors
  A sky beast (D:8)
  A black bear (D:9)
  An ice beast (D:8)
  5 ogres
  6 phantoms
  2 wolves (Lair:1)
  5 centaurs
  5 crocodiles
  2 big kobolds (Sewer)
  6 bullfrogs
  4 scorpions
  4 howler monkeys
  3 crimson imps
  2 quasits
  3 jellies
  A bullfrog skeleton (D:4)
  3 orc priests
  4 hounds
  A centaur skeleton (D:4)
  11 orc wizards
  An iguana (D:7)
  Ijyb (D:5)
  10 worker ants
  A hound zombie (D:8)
  8 adders
  2 oozes
  An adder skeleton (D:6)
  5 worms (D:4)
  3 dart slugs
  7 leopard geckos
  13 orcs
  9 giant cockroaches
  4 goblins
  5 hobgoblins
  4 jackals
  20 kobolds
  4 quokkas
  3 ball pythons
  12 bats
  8 frilled lizards
  2 giant cockroach zombies (D:5)
  A leopard gecko zombie (D:8)
  11 rats
232 creatures vanquished.

Vanquished Creatures (others)
  5 centaurs
  A fungus (Sewer)
6 creatures vanquished.

Grand Total: 238 creatures vanquished

Notes
Turn   | Place    | Note
-------+----------+-------------------------------------------
     0 | D:1      | Kisielow the Minotaur Fighter began the quest for the Orb.
     0 | D:1      | Reached XP level 1. HP: 19/19 MP: 0/0
    43 | D:1      | Reached skill level 3 in Long Blades
   180 | D:1      | Reached XP level 2. HP: 20/26 MP: 1/1
   463 | D:1      | Reached skill level 4 in Long Blades
   581 | D:1      | Reached XP level 3. HP: 29/31 MP: 2/2
  1323 | D:2      | Reached skill level 5 in Long Blades
  1497 | D:2      | Reached XP level 4. HP: 33/40 MP: 3/3
  2594 | D:4      | Found a glowing drain.
  2598 | Sewer    | Entered a sewer
  2825 | Sewer    | Reached XP level 5. HP: 46/46 MP: 4/4
  2844 | Sewer    | Reached skill level 6 in Long Blades
  2848 | Sewer    | Reached XP level 6. HP: 45/53 MP: 5/5
  3231 | D:4      | Noticed a moth of wrath
  3235 | D:4      | Found a bloodstained altar of Trog.
  3392 | D:4      | You fall through a shaft for 2 floors!
  3459 | D:6      | Found Gamozyh's Elemental Accessories.
  3488 | D:5      | Entered Level 5 of the Dungeon
  3488 | D:5      | Noticed Edmund
  3491 | D:5      | Killed Edmund
  3491 | D:5      | Reached skill level 5 in Fighting
  3491 | D:5      | Reached skill level 7 in Long Blades
  3491 | D:5      | Reached skill level 5 in Armour
  3491 | D:5      | Reached skill level 5 in Shields
  3491 | D:5      | Reached XP level 7. HP: 61/61 MP: 6/6
  3523 | D:5      | Noticed Eustachio
  3537 | D:5      | Killed Eustachio
  3649 | D:4      | Found a staircase to the Ecumenical Temple.
  3665 | Temple   | Entered the Ecumenical Temple
  3932 | Temple   | Became a worshipper of Warmaster Okawaru
  4410 | D:5      | Noticed Ijyb
  4421 | D:5      | Killed Ijyb
  4535 | D:5      | Noticed Menkaure
  4539 | D:5      | Killed Menkaure
  4539 | D:5      | Reached skill level 8 in Long Blades
  4735 | D:5      | Reached XP level 8. HP: 64/70 MP: 7/7
  4774 | D:5      | Found a runed translucent door.
  4774 | D:5      | Noticed FinalFate's ghost (amateur DECj)
  4786 | D:5      | Killed FinalFate's ghost
  5414 | D:6      | Reached * piety under Okawaru
  5460 | D:6      | Reached skill level 9 in Long Blades
  5567 | D:6      | Found a deep blue altar of Sif Muna.
  5714 | D:6      | Found Eco Leth's Food Boutique.
  6011 | D:6      | Reached ** piety under Okawaru
  6037 | D:6      | Reached XP level 9. HP: 78/78 MP: 8/8
  6222 | D:7      | Reached skill level 10 in Long Blades
  6254 | D:7      | Found Pustall's Jewellery Boutique.
  6388 | D:7      | Got a pair of jewelled boots
  6399 | D:7      | Identified the +3 pair of boots of the Guilds {rC++} (You
                  | found it on level 7 of the Dungeon)
  6415 | D:7      | Reached skill level 1 in Invocations
  6422 | D:7      | Reached skill level 1 in Evocations
  6863 | D:7      | Reached *** piety under Okawaru
  7030 | D:7      | Noticed a troll
  7132 | D:7      | Killed a troll
  7715 | D:8      | Noticed a two-headed ogre
  7832 | D:8      | Reached XP level 10. HP: 54/88 MP: 11/11
  7969 | D:8      | Killed a two-headed ogre
  7969 | D:8      | Reached **** piety under Okawaru
  8924 | D:9      | Reached skill level 11 in Long Blades
  8924 | D:9      | Reached skill level 5 in Invocations
  8940 | D:9      | Reached ***** piety under Okawaru
  9226 | D:9      | Reached skill level 5 in Evocations
  9877 | D:9      | Reached XP level 11. HP: 95/95 MP: 14/14
  9908 | D:9      | Noticed Erolcha
  9923 | D:9      | Paralysed by Erolcha for 7 turns
  9932 | D:9      | Killed Erolcha
 10196 | D:9      | Found a staircase to the Lair.
 10571 | Lair:1   | Entered Level 1 of the Lair of Beasts
 10867 | Lair:1   | Received a gift from Okawaru
 11087 | Lair:1   | Noticed a five-headed hydra
 11088 | Lair:1   | Noticed an ettin
 11088 | Lair:1   | a five-headed hydra changed into an ettin
 11133 | Lair:1   | Slain by an ettin

Skill      XL: |  1  2  3  4  5  6  7  8  9 10 11 |
---------------+----------------------------------+-----
Long Blades    | 3 4 5 6 7 8 9 10 11 | 11.4
Armour         | 4 5 6 7 8 9 |  9.0
Fighting       | 4 5 6 7 8 9 |  9.0
Shields        | 4 5 6 7 8 9 |  9.1
Invocations    | 3 5 6 |  6.4
Evocations     | 3 5 |  5.7

Action                   |  1- 3 |  4- 6 |  7- 9 | 10-12 || total
-------------------------+-------+-------+-------+-------++-------
Melee: Long sword        |    92 |   161 |   295 |   339 ||   887
       Headbutt          |    16 |    31 |    63 |    79 ||   189
Invok: Heroism           |       |       |       |     4 ||     4
       Finesse           |       |       |       |     2 ||     2
Evoke: Wand              |       |       |     3 |    12 ||    15
  Use: Scroll            |       |     6 |     9 |     3 ||    18
       Potion            |       |     1 |     2 |     4 ||     7
  Eat: Chunk             |     2 |     7 |     7 |    11 ||    27
       Ration            |       |       |     2 |       ||     2
Armor: Scale mail        |    44 |    50 |    38 |       ||   132
       Chain mail        |       |       |    92 |   107 ||   199
Dodge: Dodged            |    33 |    40 |    65 |    50 ||   188
Block: Shield            |    53 |   124 |   218 |    93 ||   488
       Reflection        |       |     6 |    21 |    16 ||    43
       Large shield      |       |       |       |   200 ||   200
       Rpst.: Long sword |     8 |    17 |    16 |    13 ||    54
